Map: Deathaura LE

Players

Robbie (Rob) - Winner!

  • Race: Protoss Protoss
  • League: Grandmaster
  • Spawn Location: 5:00

Mackintac

  • Race: Zerg Zerg
  • League: Grandmaster
  • Spawn Location: 11:00

Event: The Miserable Cup

VOD

Have the link to the VOD?

Description

Time

  • Played on: June 18, 2020, 12:56 p.m.
  • Length: 4:51

All games in this series

Show
View Real Time Build Order
Export as new Build Order

Robbie Protoss - Winner!

Build Orders: 1 Gate Expand, Oracle Opening 

Get SALT Encoding   

  12  0:00  Probe  
  13  0:12  Probe  
  14  0:22  Pylon  
  14  0:24  Probe  
  15  0:36  Probe  
  15  0:40  Gateway  
  16  0:44  Probe  
  16  0:45  Assimilator  
  17  0:54  Probe  
  18  1:06  Probe  
  19  1:19  Probe  
  19  1:23  Nexus  
  20  1:32  Probe  
  20  1:33  Cybernetics Core  
  21  1:40  Probe  
  21  1:43  Assimilator  
  22  1:52  Pylon, Probe  
  23  2:00  Adept  
  23  2:10  Probe  
  26  2:22  Stargate, Probe  
  27  2:30  Stalker  
  27  2:32  Probe  
  27  2:35  Probe  
  31  2:39  Warp Gate  
  31  2:40  Probe  
  31  2:47  Probe  
  33  2:55  Probe  
  34  2:59  Probe  
  34  3:01  Gateway  
  34  3:03  Void Ray  
  35  3:07  Gateway  
  33  3:17  Adept  
  33  3:19  Probe  
  40  3:22  Probe  
  41  3:31  Probe  
  41  3:32  Shield Battery  
  41  3:34  Probe  
  43  3:41  Pylon  
  43  3:43  Probe  
  44  3:56  Probe x2  
  44  3:59  Oracle  
  44  4:02  Gateway  
  49  4:07  Gateway  
  45  4:20  Shield Battery  
  45  4:22  Shield Battery  
  45  4:23  Pylon  
  45  4:25  Pylon  
  45  4:27  Zealot x2  
  41  4:39  Probe  
Show
View Real Time Build Order
Export as new Build Order

Mackintac Zerg 

Build Orders: Hatch First 

Get SALT Encoding   

  12  0:00  Drone  
  13  0:13  Overlord  
  13  0:17  Drone  
  14  0:32  Drone  
  14  0:33  Drone  
  16  0:48  Hatchery  
  15  0:51  Drone  
  15  0:55  Drone  
  17  0:59  Drone  
  18  1:08  Extractor  
  17  1:14  Spawning Pool  
  17  1:16  Drone  
  17  1:19  Drone  
  18  1:35  Drone  
  19  1:42  Drone  
  20  2:02  Queen x2  
  20  2:03  Zergling x6  
  27  2:12  Drone  
  27  2:13  Overlord  
  28  2:21  Baneling Nest  
  27  2:36  Zergling x8  
  31  2:41  Metabolic Boost  
  30  2:52  Zergling x4  
  32  3:05  Zergling x4  
  32  3:06  Zergling x4  
  35  3:14  Overlord  
  35  3:18  Baneling x4  
  35  3:22  Overlord  
  35  3:32  Zergling x10  
  35  3:33  Zergling x2  
  41  3:35  Baneling x2  
  41  3:47  Drone x4  
  45  3:49  Zergling x4  
  42  4:12  Overlord  
  41  4:18  Overlord  
  41  4:19  Overlord  
  39  4:34  Zergling x2  
Tags
 
Add a new tag
Caveats
  • Supply blocks, unpowered buildings, or Contaminate may cause inaccurate times.
  • Supply counts are checked every 10 seconds.